 Dungeon Sprint DCSS version 0.21-a0-104-g7b58145 (webtiles) character file.

174 Kidiri the Covert (level 5, 0/24 (27) HPs)
             Began as a Spriggan Enchanter on July 6, 2017.
             Slain by a necrophage (7 damage)
             ... in the Dungeon (Sprint II: "The Violet Keep of Menkaure").
             The game lasted 00:00:52 (56 turns).

Kidiri the Covert (Spriggan Enchanter)                Turns: 56, Time: 00:00:52

HP:   0/24 (27)     AC:  2    Str:  4    XL:     5   Next: 28%
MP:   11/14         EV: 23    Int: 16    God:
Gold: 0             SH:  0    Dex: 18    Spells: 15/16 levels left

rFire    . . .     SeeInvis +   a - +1 dagger
rCold    . . .     Gourm    .   (shield restricted)
rNeg     . . .     Faith    .   b - +0 robe
rPois    .         Spirit   .   (helmet restricted)
rElec    .         Reflect  .   (no cloak)
rCorr    .         Harm     .   (gloves unavailable)
MR       .....     NoTele   +   (boots unavailable)
Stlth    ++++......             (no amulet)
HPRegen  0.00/turn              (no ring)
MPRegen  0.14/turn              (no ring)

@: berserk cooldown, non-regenerating, diseased, very quick
A: unfitting armour, see invisible, herbivore 3, speed 3, slow metabolism 2
a: no special abilities


You were in the Dungeon.
You were not hungry.

You visited 1 branch

Inventory:

Hand Weapons
 a - a +1 dagger (weapon)
Armour
 b - a +0 robe (worn)
Scrolls
 j - a scroll of blinking
Potions
 e - a potion of curing
 f - a potion of heal wounds
 g - a potion of haste
 h - 2 potions of magic
Books
 c - a book of Maledictions

   Spells                             Type                      Level
   a - Corona                         Hexes                        1
   b - Ensorcelled Hibernation        Hexes/Ice                    2
   c - Confuse                        Hexes                        3
   d - Tukima's Dance                 Hexes                        3
   e - Dazzling Spray                 Conjuration/Hexes            3
Comestibles
 d - a bread ration


   Skills:
 + Level 2.4 Fighting
 * Level 5.0 Short Blades
 + Level 2.1 Armour
 * Level 7.1 Dodging
 * Level 8.4 Stealth
 * Level 6.1 Spellcasting
 + Level 5.5 Hexes


You had 15 spell levels left.
You knew the following spells:

 Your Spells              Type           Power        Failure   Level  Hunger
a - Corona                Hex            ###....      1%          1    None


Dungeon Overview and Level Annotations

Branches:
Dungeon (1/1)

Altars:


Innate Abilities, Weirdness & Mutations

You are very small and have problems with some larger weapons.
You are too small for most types of armour.
You have supernaturally acute eyesight. (SInv)
You are a herbivore.
You cover ground extremely quickly.
You need consume almost no food.


Message History

The necrophage is severely damaged.
You feel yourself speed up. The necrophage barely misses you.
You hit the necrophage.
The necrophage is severely damaged.
The necrophage barely misses you.
You hit the necrophage.
The necrophage is almost destroyed.
You hit the necrophage but do no damage.
The necrophage is almost destroyed.
The necrophage misses you.
You barely miss the necrophage.
The necrophage is almost destroyed.
The necrophage hits you!
* * * LOW HITPOINT WARNING * * *
Unknown command.
You barely miss the necrophage.
The necrophage is almost destroyed.
The necrophage hits you!
You die...

## ## . . a#.
# #a# # ##.
#+# .##
#...##.##.m.#
#n@<.+.#
#..n##.##...#
##. #+# .## #
.## # 3# ##


You could see 2 necrophages.

Vanquished Creatures
  2 necrophages (D)
2 creatures vanquished.

Notes
Turn   | Place    | Note
-------+----------+-------------------------------------------
     0 | D        | Kidiri the Spriggan Enchanter began the quest for the Orb.
     0 | D        | Reached XP level 1. HP: 9/9 MP: 5/5
     1 | D        | Noticed a worker ant
     1 | D        | Noticed a worker ant
     4 | D        | Noticed a merfolk siren
     7 | D        | Noticed a neqoxec
    10 | D        | Noticed a necrophage
    10 | D        | Noticed a necrophage
    10 | D        | Noticed a necrophage
    10 | D        | Noticed a necrophage
    21 | D        | Killed a necrophage
    21 | D        | Reached skill level 1 in Fighting
    21 | D        | Reached skill level 1 in Armour
    21 | D        | Reached skill level 5 in Dodging
    21 | D        | Reached skill level 7 in Stealth
    21 | D        | Reached skill level 5 in Spellcasting
    21 | D        | Reached XP level 2. HP: 13/13 MP: 5/9
    21 | D        | Reached XP level 3. HP: 16/16 MP: 5/10
    21 | D        | Reached XP level 4. HP: 21/21 MP: 6/12
    26 | D        | Killed a necrophage
    26 | D        | Reached skill level 5 in Short Blades
    26 | D        | Reached skill level 8 in Stealth
    26 | D        | Reached skill level 5 in Hexes
    26 | D        | Reached XP level 5. HP: 25/25 MP: 7/14
    56 | D        | Slain by a necrophage

Vault maps used:
D:        the_violet_keep_of_menkaure

Skill      XL: |  1  2  3  4 |
---------------+-------------+-----
Fighting       | 1 2 |  2.4
Short Blades   | 4 5 |  5.0
Armour         | 1 2 |  2.1
Dodging        | 5 7 |  7.1
Stealth        | 7 8 |  8.4
Spellcasting   | 5 6 |  6.1
Hexes          | 4 5 |  5.5

Action                   |  1- 3 |  4- 6 || total
-------------------------+-------+-------++-------
Melee: Dagger            |     9 |    35 ||    44
 Cast: Corona            |     1 |       ||     1
  Use: Potion            |     1 |       ||     1
Dodge: Dodged            |     4 |    29 ||    33
